 Dungeon Crawl Stone Soup version 0.23-a0-703-gdf2d5e0dd9 (webtiles) character file.

46 Hercules1031 the Ducker (level 3, 0/19 HPs)
             Began as a Spriggan Monk on Jan 12, 2019.
             Slain by a gnoll
             ... wielding a +0 flail
              (6 damage)
             ... on level 2 of the Dungeon.
             The game lasted 00:04:28 (2013 turns).

Hercules1031 the Ducker (Spriggan Monk)             Turns: 2013, Time: 00:04:28

Health: 0/19       AC:  2    Str:  7    XL:     3   Next: 44%
Magic:  4/4        EV: 21    Int: 11    God:
Gold:   134        SH:  0    Dex: 19    Spells: 2/2 levels left

rFire    . . .     SeeInvis +   a - +0 short sword
rCold    . . .     Gourm    .   (shield restricted)
rNeg     . . .     Faith    .   b - +0 robe
rPois    .         Spirit   .   (helmet restricted)
rElec    .         Reflect  .   (no cloak)
rCorr    .         Harm     .   (gloves unavailable)
MR       .....                  (boots unavailable)
Stlth    +++.......             (no amulet)
HPRegen  0.06/turn              (no ring)
MPRegen  0.09/turn              (no ring)

@: very quick
A: very small, unfitting armour, see invisible, herbivore, speed 3, slow
metabolism 2
a: no special abilities


You were on level 2 of the Dungeon.
You were not hungry.

You visited 1 branch of the dungeon, and saw 2 of its levels.

You collected 134 gold pieces.

Inventory:

Hand Weapons
 a - a +0 short sword (weapon)
Armour
 b - a +0 robe (worn)
Scrolls
 d - a scroll of teleportation {unknown}
 f - a scroll of enchant weapon {unknown}
 g - 3 scrolls of identify {unknown}
 h - a scroll of amnesia {unknown}
 i - a scroll of enchant armour {unknown}
 l - a scroll of fear {unknown}
Potions
 e - a potion of mutation {unknown}
 j - a potion of curing {unknown}
 k - a potion of ambrosia {unknown}
Comestibles
 c - 4 rations


   Skills:
 + Level 2.8 Fighting
 + Level 3.7 Short Blades
 + Level 5.0 Dodging
 + Level 4.0 Stealth


You had 2 spell levels left.
You didn't know any spells.
Your spell library was empty.

Dungeon Overview and Level Annotations

Branches:
Dungeon (2/15)

Altars:


Innate Abilities, Weirdness & Mutations

You are very small and have problems with some larger weapons.
You are too small for most types of armour.
You have supernaturally acute eyesight. (SInv)
You are a herbivore.
You cover ground extremely quickly.
You need to consume almost no food.


Message History

You start resting.
The gnoll is too close now for your liking.
You catch the helpless gnoll completely off-guard!
You puncture the gnoll!
The gnoll is severely wounded.
The gnoll shouts!
You hit the gnoll.
The gnoll is lightly wounded.
You hit the gnoll.
The gnoll is moderately wounded.
The gnoll hits you with a +0 club.
You barely miss the gnoll.
The gnoll is moderately wounded.
You hit the gnoll.
The gnoll is heavily wounded.
The gnoll hits you with a +0 club.
You hit the gnoll.
The gnoll is severely wounded.
The gnoll hits you with a +0 flail.
You die...

#.# #g# ... #.#
.. #.######## ..
#.g......# .
#########.# . ..#
#.# # .. ##g# #)#
###...
#.####g@######.#
......
#....(.......#.#
.###..
######.#####.#(#
.....> #.# #.#.#
.##### #.# #.#.#
.# #.# #.#.# .#
#.# #...# ... #.#
#####
###############.#


You could see 2 gnolls.

Vanquished Creatures
  2 dart slugs
  3 leopard geckos (D:2)
  7 goblins
  5 hobgoblins (D:1)
  2 jackals (D:2)
  2 quokkas (D:2)
  3 bats
  A frilled lizard (D:2)
  5 kobolds (D:1)
  4 rats (D:1)
34 creatures vanquished.

Notes
Turn   | Place    | Note
-------+----------+-------------------------------------------
     0 | D:1      | Hercules1031 the Spriggan Monk began the quest for the Orb.
     0 | D:1      | Reached XP level 1. HP: 11/11 MP: 2/2
   143 | D:1      | Reached XP level 2. HP: 12/16 MP: 3/3
  1365 | D:2      | Reached XP level 3. HP: 19/19 MP: 4/4
  1458 | D:2      | Reached skill level 5 in Dodging
  2013 | D:2      | Slain by a gnoll

Vault maps used:
D:1:      dpeg_arrival_snail, serial_bayou_pond_a
D:2:      first_ration, kennysheep_nondescript, due_unseen_surprise

Skill      XL: |  1  2  3 |
---------------+----------+-----
Dodging        | 5 |  5.0
Stealth        | 4 |  4.0
Fighting       | |  2.8
Short Blades   | |  3.7

Action                   || total
-------------------------++-------
Melee: Short sword       ||   129
 Stab: Sleeping          ||     7
       Distracted        ||     1
Armor: Robe              ||    11
Dodge: Dodged            ||   105

Table legend:
 A = Non-vault XP
 B = Vault XP
 C = Vault XP percentage of total XP
 D = Non-vault monster count
 E = Vault monster count
 F = Vault count percentage of total count
                 A         B        C        D         E       F
            +---------+---------+-------+---------+---------+-------
      Total |      66 |       0 |   0.0 |      34 |       0 |   0.0
            +---------+---------+-------+---------+---------+-------
        D:1 |      34 |       0 |   0.0 |      20 |       0 |   0.0
        D:2 |      32 |       0 |   0.0 |      14 |       0 |   0.0
            +---------+---------+-------+---------+---------+-------
